 Dungeon Crawl Stone Soup version 0.23-a0-636-g0ff6057 (webtiles) character file.

9781 nikopol the Cleaver (level 11, -6/145 HPs)
             Began as a Minotaur Berserker on Dec 28, 2018.
             Was a High Priest of Trog.
             Mangled by a blink frog (7 damage)
             ... on level 1 of the Lair of Beasts.
             The game lasted 00:21:43 (8389 turns).

nikopol the Cleaver (Minotaur Berserker)            Turns: 8389, Time: 00:21:44

Health: -6/145     AC: 11    Str: 37    XL:     11   Next: 27%
Magic:  10/10      EV: 12    Int:  4    God:    Trog [*****.]
Gold:   543        SH:  0    Dex: 10    Spells: 10/10 levels left

rFire    + . .     SeeInvis .   a - +0 battleaxe
rCold    . . .     Gourm    .   (shield currently unavailable)
rNeg     . . .     Faith    .   i - +0 scale mail
rPois    .         Spirit   .   (helmet restricted)
rElec    .         Reflect  .   x - +0 cloak "Sasiozotz" {rF+ Str+3} (curse)
rCorr    .         Harm     .   y - +0 pair of gloves
MR       .....                  (no boots)
Stlth    ..........             k - amulet of regeneration
HPRegen  0.74/turn              H - +4 ring of strength
MPRegen  0.12/turn              (no ring)

@: berserking, lethally poisoned (-6 -> -13), very quick
A: retaliatory headbutt, horns 2
a: Berserk, Trog's Hand, Brothers in Arms, Renounce Religion


You were on level 1 of the Lair of Beasts.
You worshipped Trog.
Trog was extremely pleased with you.
You were hungry.

You visited 2 branches of the dungeon, and saw 11 of its levels.

You collected 543 gold pieces.

Inventory:

Hand Weapons
 a - a +0 battleaxe (weapon)
 s - a +0 hand axe
 z - a +0 shortbow
 J - a +4 antimagic executioner's axe
Missiles
 t - 111 arrows
Armour
 i - a +0 scale mail (worn)
 x - the cursed +0 cloak "Sasiozotz" (worn) {rF+ Str+3}
   (You found it on level 5 of the Dungeon)

   It affects your strength (+3).
   It protects you from fire.
   It has a curse placed upon it.
 y - a +0 pair of gloves (worn)
Jewellery
 k - an amulet of regeneration (around neck)
 H - a +4 ring of strength (left hand)
Wands
 D - a wand of acid (6)
 E - a wand of iceblast (15)
 I - a wand of flame (23)
Scrolls
 b - a scroll of teleportation {unknown}
 d - 2 scrolls of blinking {unknown}
 f - 3 scrolls of magic mapping
 g - a scroll of fear {unknown}
 h - 9 scrolls of remove curse
 j - 3 scrolls of fog {unknown}
 r - 3 scrolls of amnesia {unknown}
 u - 2 scrolls of enchant weapon {unknown}
 C - a scroll of identify
 F - a scroll of enchant armour {unknown}
 G - a scroll of random uselessness {unknown}
Potions
 e - a potion of ambrosia
 l - 3 potions of heal wounds
 m - a potion of cancellation
 n - a potion of lignification
 o - a potion of mutation {unknown}
 p - 2 potions of flight
 q - 4 potions of might
 v - a potion of invisibility
 w - a potion of agility
 A - 3 potions of curing
 B - a potion of degeneration {unknown}
Comestibles
 c - 16 rations
 K - 11 chunks of flesh


   Skills:
 + Level 9.1 Fighting
 * Level 12.2 Axes
 * Level 10.9 Bows
 + Level 8.7 Armour
 + Level 4.9 Dodging
 + Level 1.1 Stealth


You had 10 spell levels left.
You didn't know any spells.
Your spell library was empty.

Dungeon Overview and Level Annotations

Branches:
Dungeon (10/15)            Temple (0/1) D:5            Lair (1/6) D:10
    Orc (0/2) D:10

Altars:
Dithmenos
Elyvilon
Hepliaklqana
Kikubaaqudgha
Okawaru
Qazlal
Vehumet
Yredelemnul

Shops:
D:7 :


Innate Abilities, Weirdness & Mutations

You reflexively headbutt those who attack you in melee.
You have a pair of horns on your head.


Message History

The swamp worm bites you but does no damage.
You barely miss the swamp worm. Your headbutt misses the swamp worm.
The swamp worm is severely wounded.
You slash the spiny frog!
You feel sick.
The blink frog blinks!
The spiny frog stings you!
* * * LOW HITPOINT WARNING * * *
The swamp worm bites you!
* * * LOW HITPOINT WARNING * * *
You slash the swamp worm!
You kill the swamp worm!
Trog accepts your kill.
You hit the spiny frog but do no damage.
The spiny frog closely misses you.
You barely miss the spiny frog.
The spiny frog is almost dead.
You closely miss the blink frog.
You feel sick. The spiny frog stings you.
* * * LOW HITPOINT WARNING * * *
You are lethally poisoned!
The spiny frog poisons you! The blink frog hits you!
You die...

..#.##.###..# #....##.#
#..# ##......# #..# .
#####..#P.###..##
#.##.$....##.#P#...#
≈≈≈≈≈.............#
≈≈§≈≈≈.F....#....###
#≈≈FF(...##.....#
#≈†@.......)P#.###.. #≈≈
#≈≈..P#P#..###.....# #≈≈P
##≈≈.### ##.P##.###.#
#≈≈≈#######≈≈≈≈# #.....#
#.≈≈≈≈≈≈≈≈≈≈≈≈## ##..###
#.#.≈≈≈≈≈≈≈≈### #######.#
.......#.########P##..#.#
#.#.....................#
#......:.####P###.#.##.##


You could see a spiny frog and 2 blink frogs.

Vanquished Creatures
  2 two-headed ogres
  Pikel (D:4)
  A manticore (D:10)
  A troll (D:10)
  A hornet (D:10)
  4 hippogriffs
  9 yaks
  Sigmund (D:6)
  A swamp worm (Lair:1)
  Duvessa (D:4)
  A water moccasin (D:9)
  A porcupine (Lair:1)
  3 orc warriors
  2 sky beasts (D:9)
  4 ice beasts
  3 phantoms
  8 ogres
  4 centaurs
  2 crocodiles (Lair:1)
  7 bullfrogs
  A wyvern zombie (D:9)
  3 scorpions
  3 wights (D:8)
  Dowan (D:4)
  10 killer bees
  2 howler monkeys
  A bullfrog zombie (D:6)
  3 crimson imps
  A quasit (D:10)
  Crazy Yiuf (D:3)
  2 jellies
  2 orc priests
  A gnoll shaman (D:8)
  3 hounds
  A centaur skeleton (D:7)
  5 orc wizards
  Natasha (D:4)
  7 worker ants
  A hound skeleton (D:2)
  A howler monkey zombie (D:8)
  5 gnolls (D:8)
  12 adders
  4 shadow imps
  An ooze (D:4)
  An adder skeleton (D:5)
  2 adder zombies
  3 worms (D:4)
  2 dart slugs (D:2)
  4 leopard geckos
  28 orcs
  4 giant cockroaches
  16 goblins
  10 hobgoblins
  7 jackals
  9 kobolds
  2 quokkas
  3 ball pythons
  6 bats
  4 frilled lizards
  A leopard gecko skeleton (D:6)
  2 quokka skeletons
  6 rats
239 creatures vanquished.

Vanquished Creatures (others)
  A slave (D:4)
  2 plants (Lair:1)
3 creatures vanquished.

Grand Total: 242 creatures vanquished

Notes
Turn   | Place    | Note
-------+----------+-------------------------------------------
     0 | D:1      | nikopol the Minotaur Berserker began the quest for the Orb.
     0 | D:1      | Reached XP level 1. HP: 19/19 MP: 0/0
    67 | D:1      | Reached XP level 2. HP: 20/27 MP: 1/1
    81 | D:1      | Reached skill level 4 in Axes
   295 | D:1      | Reached ** piety under Trog
   328 | D:1      | Reached XP level 3. HP: 32/33 MP: 2/2
   822 | D:2      | Reached XP level 4. HP: 30/41 MP: 3/3
  1314 | D:3      | Reached skill level 5 in Axes
  1659 | D:3      | Reached *** piety under Trog
  1662 | D:3      | Reached XP level 5. HP: 26/47 MP: 4/4
  1731 | D:3      | Found a runed door.
  1919 | D:3      | Noticed Crazy Yiuf
  1922 | D:3      | Killed Crazy Yiuf
  1984 | D:4      | Noticed Duvessa
  1984 | D:4      | Noticed Dowan
  1988 | D:4      | Killed Dowan
  1988 | D:4      | Reached skill level 5 in Fighting
  1995 | D:4      | Killed Duvessa
  1995 | D:4      | Reached XP level 6. HP: 35/56 MP: 5/5
  2385 | D:4      | Noticed Natasha
  2389 | D:4      | Killed Natasha
  2389 | D:4      | Reached skill level 6 in Axes
  2561 | D:4      | Noticed a slave
  2561 | D:4      | Noticed a slave
  2561 | D:4      | Noticed Pikel
  2796 | D:4      | Noticed a slave
  2796 | D:4      | Noticed a slave
  2809 | D:4      | Killed Pikel
  2809 | D:4      | Reached skill level 7 in Axes
  2809 | D:4      | Reached skill level 5 in Armour
  2809 | D:4      | Reached XP level 7. HP: 29/62 MP: 6/6
  2944 | D:5      | Entered Level 5 of the Dungeon
  3080 | D:5      | Reached skill level 1 in Stealth
  3222 | D:5      | Reached XP level 8. HP: 70/70 MP: 7/7
  3368 | D:5      | Got a brightly glowing cloak
  3379 | D:5      | Identified the cursed +0 cloak "Sasiozotz" {rF+ Str+3} (You
                  | found it on level 5 of the Dungeon)
  3885 | D:5      | Found a basalt altar of Yredelemnul.
  3921 | D:5      | Found a shadowy altar of Dithmenos.
  3934 | D:5      | Found a staircase to the Ecumenical Temple.
  4056 | D:6      | Reached skill level 8 in Axes
  4216 | D:6      | Found a radiant altar of Vehumet.
  4488 | D:6      | Reached skill level 1 in Bows
  4558 | D:6      | Reached **** piety under Trog
  4688 | D:6      | Noticed Sigmund
  4697 | D:6      | Killed Sigmund
  4765 | D:6      | Noticed a hippogriff
  4774 | D:6      | Killed a hippogriff
  4774 | D:6      | Reached XP level 9. HP: 61/78 MP: 8/8
  5045 | D:7      | Found Nifuboth's Book Shoppe.
  5142 | D:7      | Found a white marble altar of Elyvilon.
  5273 | D:7      | Reached skill level 5 in Bows
  5427 | D:7      | Reached skill level 9 in Axes
  6375 | D:8      | Reached XP level 10. HP: 73/86 MP: 9/9
  6782 | D:9      | Reached ***** piety under Trog
  6786 | D:9      | Reached skill level 10 in Axes
  6947 | D:9      | Noticed a two-headed ogre
  6958 | D:9      | Killed a two-headed ogre
  6958 | D:9      | Reached skill level 11 in Axes
  7118 | D:9      | Found an iron altar of Okawaru.
  7119 | D:9      | Found a hazy altar of Hepliaklqana.
  7120 | D:9      | Found an ancient bone altar of Kikubaaqudgha.
  7402 | D:10     | Entered Level 10 of the Dungeon
  7420 | D:10     | Noticed a manticore
  7432 | D:10     | Killed a manticore
  7432 | D:10     | Reached skill level 10 in Bows
  7525 | D:10     | Found a staircase to the Orcish Mines.
  7634 | D:10     | Noticed a two-headed ogre
  7643 | D:10     | Killed a two-headed ogre
  7643 | D:10     | Reached XP level 11. HP: 94/95 MP: 10/10
  7712 | D:10     | Found a stormy altar of Qazlal.
  7716 | D:10     | Reached skill level 12 in Axes
  7950 | D:10     | Found a staircase to the Lair.
  7999 | D:10     | Received a gift from Trog
  8217 | Lair:1   | Entered Level 1 of the Lair of Beasts
  8387 | Lair:1   | HP: 6/145 [swamp worm (11)]
  8389 | Lair:1   | HP: 1/145 [spiny frog (5)]
  8389 | Lair:1   | Mangled by a blink frog

Vault maps used:
D:1:      dpeg_arrival_tiny_a
D:2:      serial_forest, infiniplex_forest_clump_small,
          infiniplex_forest_straight_3, infiniplex_forest_straight_1,
          infiniplex_forest_clump_small, infiniplex_forest_end_3
D:3:      first_ration, uniq_crazy_yiuf_cottage
D:4:      serial_rivers, chequers_serial_rivers_small_b,
          chequers_serial_rivers_large_a, chequers_serial_rivers_marsh,
          chequers_serial_rivers_micro_c, chequers_serial_rivers_micro_d,
          chequers_serial_rivers_micro_d, uniq_duvessa, uniq_pikel, uniq_natasha
D:5:      nicolae_overflow_hidden_temple, temple_doors_e, uniq_grinder
D:6:      lemuel_doored_altar, nicolae_underground_beach, uniq_sigmund
D:7:      old_standard_altar, serial_shops, shop
D:9:      kennysheep_big_flooded_room,
          chequers_temple_overflow_statue_of_worship
D:10:     lair_entry_dummy, orc_0_dummy, basic_altar
Lair:1:   worms_lemuel

Skill      XL: |  1  2  3  4  5  6  7  8  9 10 11 |
---------------+----------------------------------+-----
Axes           | 4 5 7 8 9 11 12 | 12.2
Fighting       | 4 5 6 7 8 9 |  9.1
Dodging        | 3 4 |  4.9
Armour         | 3 4 5 6 7 8 |  8.7
Stealth        | 1 |  1.1
Bows           | 4 8 10 | 10.9

Action                   |  1- 3 |  4- 6 |  7- 9 | 10-12 || total
-------------------------+-------+-------+-------+-------++-------
Melee: Hand axe          |    81 |   105 |   216 |       ||   402
       Headbutt          |     5 |    20 |    44 |    27 ||    96
       Battleaxe         |       |       |       |   134 ||   134
 Fire: Shortbow          |       |       |   183 |   123 ||   306
Invok: Berserk           |       |     3 |     2 |     3 ||     8
  Use: Scroll            |       |       |     9 |     1 ||    10
  Eat: Chunk             |       |     7 |    12 |     8 ||    27
       Ration            |       |       |     1 |       ||     1
Armor: Ring mail         |    24 |    15 |       |       ||    39
       Animal skin       |     2 |       |       |       ||     2
       Scale mail        |       |    18 |    99 |    51 ||   168
Dodge: Dodged            |    50 |    56 |   153 |    90 ||   349

Table legend:
 A = Non-vault XP
 B = Vault XP
 C = Vault XP percentage of total XP
 D = Non-vault monster count
 E = Vault monster count
 F = Vault count percentage of total count
                 A         B        C        D         E       F
            +---------+---------+-------+---------+---------+-------
      Total |   12508 |    1466 |  10.5 |     230 |       9 |   3.8
            +---------+---------+-------+---------+---------+-------
        D:1 |      50 |       0 |   0.0 |      31 |       0 |   0.0
        D:2 |      62 |       0 |   0.0 |      16 |       0 |   0.0
        D:3 |      90 |      44 |  32.8 |      24 |       1 |   4.0
        D:4 |     182 |     840 |  82.2 |       6 |       4 |  40.0
        D:5 |     496 |       0 |   0.0 |      14 |       0 |   0.0
        D:6 |    1019 |     208 |  17.0 |      21 |       1 |   4.5
        D:7 |     744 |       0 |   0.0 |      19 |       0 |   0.0
        D:8 |    1824 |       0 |   0.0 |      37 |       0 |   0.0
        D:9 |    3822 |     214 |   5.3 |      30 |       2 |   6.2
       D:10 |    3596 |       0 |   0.0 |      28 |       0 |   0.0
     Lair:1 |     623 |     160 |  20.4 |       4 |       1 |  20.0
            +---------+---------+-------+---------+---------+-------
